 Dungeon Crawl Stone Soup version 0.30.1 (webtiles) character file.

Game seed: 14079122838374757714

105 GimliDwarf the Covert (level 4, -2/34 HPs)
             Began as a Gnoll Wanderer on July 6, 2023.
             Slain by Pargi (3 damage)
             ... on level 3 of the Dungeon.
             The game lasted 00:03:31 (2035 turns).

GimliDwarf the Covert (Gnoll Wanderer)              Turns: 2035, Time: 00:03:31

Health: -2/34      AC:  5    Str:  9    XL:     4   Next: 81%
Magic:  5/5        EV: 11    Int:  8    God:
Gold:   160        SH:  4    Dex: 19    Spells: 5/5 levels left

rFire   . . .        a - +2 spear
rCold   . . .        s - +0 buckler
rNeg    . . .        e - +0 leather armour
rPois   .            c - +0 helmet
rElec   .            i - +0 cloak
rCorr   .            (no gloves)
SInv    .            (no boots)
Will    .....        (no amulet)
Stlth   ++++         (no ring)
HPRegen 0.25/turn    (no ring)
MPRegen 0.09/turn

%: no passive effects
@: no status effects
A: fangs 1, strong nose, distributed training
a: no special abilities


You were on level 3 of the Dungeon.
You visited 1 branch of the dungeon, and saw 3 of its levels.

You collected 160 gold pieces.

Inventory:

Hand Weapons
 a - a +2 spear (weapon)
Missiles
 n - 2 boomerangs (quivered)
Armour
 c - a +0 helmet (worn)
 e - a +0 leather armour (worn)
 i - a +0 cloak (worn)
 s - a +0 buckler (worn)
Scrolls
 d - a scroll of fog
 h - a scroll of torment {unknown}
 j - 4 scrolls of identify {unknown}
 k - 2 scrolls of enchant armour {unknown}
 p - a scroll of teleportation {unknown}
 q - a scroll of poison {unknown}
 r - a scroll of noise {unknown}
Potions
 b - 2 potions of curing
 f - 3 potions of might {unknown}
 g - a potion of ambrosia {unknown}
 l - a potion of haste {unknown}
 m - 2 potions of brilliance {unknown}
 o - a potion of cancellation {unknown}


   Skills:
 + Level 2.8 Fighting
 + Level 1.3 Short Blades
 + Level 1.3 Long Blades
 + Level 1.3 Axes
 + Level 1.3 Maces & Flails
 + Level 6.6 Polearms
 + Level 1.3 Staves
 + Level 1.3 Ranged Weapons
 + Level 1.3 Throwing
 + Level 1.3 Armour
 + Level 1.3 Dodging
 + Level 9.6 Stealth
 + Level 1.3 Shields
 + Level 2.8 Unarmed Combat
 + Level 1.3 Spellcasting
 + Level 1.0 Conjurations
 + Level 1.0 Hexes
 + Level 1.0 Summonings
 + Level 1.0 Necromancy
 + Level 1.0 Translocations
 + Level 1.0 Transmutations
 + Level 1.0 Fire Magic
 + Level 1.0 Ice Magic
 + Level 1.0 Air Magic
 + Level 1.0 Earth Magic
 + Level 1.0 Poison Magic
 + Level 1.4 Invocations
 + Level 1.3 Evocations


You had 5 spell levels left.
You didn't know any spells.
Your spell library contained the following spells:

 Spells                   Type           Power      Damage    Failure   Level
 Beastly Appendage        Tmut           4%         N/A       47%         1
 Wereblood                Tmut           2%         N/A       63%         2
 Spider Form              Tmut/Pois      2%         N/A       85%         3
 Olgreb's Toxic Radiance  Pois           2%         N/A       99%         4
 Passage of Golubria      Tloc           2%         N/A       99%         4
 Silence                  Hex/Air        1%         N/A       100%        5
 Discord                  Hex            1%         N/A       100%        8
 Ignition                 Fire           1%         3d3       100%        8
 Lehudib's Crystal Spear  Conj/Erth      1%         10d2      100%        8


Dungeon Overview and Level Annotations

Branches:
Dungeon (3/15)

Altars:

Annotations:
D:3 Pargi


Innate Abilities, Weirdness & Mutations

You have very sharp teeth.
Your uncanny sense of smell can sniff out nearby items.
Your experience applies equally to all skills.


Message History

You hit Pargi. You bite Pargi.
Pargi is moderately wounded.
You barely miss Pargi. You bite Pargi, but do no damage.
Pargi is moderately wounded.
Pargi bites you but does no damage. Pargi claws you.
Pargi claws you but does no damage.
You closely miss Pargi.
Pargi is moderately wounded.
Pargi bites you. Pargi claws you but does no damage. x2
You hit Pargi. You bite Pargi.
Pargi is moderately wounded.
Pargi completely misses you. Pargi closely misses you.
Pargi claws you but does no damage.
You hit Pargi.
Pargi is heavily wounded.
Pargi bites you.
* * * LOW HITPOINT WARNING * * *
Pargi claws you.
* * * LOW HITPOINT WARNING * * *
Pargi claws you.
* * * LOW HITPOINT WARNING * * *
Throw: 2 boomerangs
Press: ? - help, Q - select action Shift-Dir - straight line, f/p - Pargi
Aim: Pargi (grey smoke, heavily wounded, 55% to hit)
You throw a boomerang. The boomerang barely misses Pargi.
Pargi bites you.
* * * LOW HITPOINT WARNING * * *
You block Pargi's attack. Pargi claws you.
* * * LOW HITPOINT WARNING * * *
Throw: 2 boomerangs
Press: ? - help, Q - select action Shift-Dir - straight line, f/p - Pargi
Aim: Pargi (grey smoke, moderately wounded, 55% to hit)
You throw a boomerang. The boomerang hits Pargi.
Pargi is heavily wounded.
Pargi bites you but does no damage. Pargi claws you but does no damage.
Pargi closely misses you.
You hit Pargi.
Pargi is heavily wounded.
Pargi bites you.
You die...

#..#
###.........#######.######..
#.## #..........##
#..####### ..# #...........#
##....## .## ##.......##.###
####..# .# ##>....###...#
##.### .# ###.### ###.#
#.... ## #...# #.# ###.. ##
###§#####.### #...... .##
#§§@T##...# #.###.# ..##
####§§§##.# #.. ...#
###§.#.## ##. ...# ##.#...
#####. ...# #..... ..##..
...# #....### #.##.. ...#
##..##.....#)...# ...# #..#
####.#..# ..>### #.# #....#


You could see Pargi.

Vanquished Creatures
  Terence (D:2)
  4 adders
  An orc (D:3)
  6 ball pythons
  8 bats
  2 endoplasms (D:3)
  2 giant cockroaches
  6 goblins
  2 hobgoblins
  A quokka (D:3)
  3 frilled lizards
  5 kobolds
  2 rats (D:1)
43 creatures vanquished.

Notes
Turn   | Place    | Note
-------+----------+-------------------------------------------
     0 | D:1      | Reached skill level 9 in Stealth
     0 | D:1      | GimliDwarf the Gnoll Wanderer began the quest for the Orb.
     0 | D:1      | GimliDwarf set off with the following items: a +2 spear, a
                  | potion of curing, a +0 helmet, a scroll of fog, a +0
                  | leather armour.
     0 | D:1      | Reached XP level 1. HP: 17/17 MP: 1/1
   131 | D:1      | Reached XP level 2. HP: 23/23 MP: 2/2
   704 | D:2      | Found a faded altar of an unknown god.
   931 | D:2      | Reached XP level 3. HP: 28/28 MP: 2/4
   974 | D:2      | Reached skill level 1 in Invocations
  1165 | D:2      | Noticed Terence
  1182 | D:2      | Killed Terence
  1183 | D:2      | Reached skill level 1 in Short Blades
  1183 | D:2      | Reached skill level 1 in Long Blades
  1183 | D:2      | Reached skill level 1 in Axes
  1183 | D:2      | Reached skill level 1 in Maces & Flails
  1183 | D:2      | Reached skill level 1 in Staves
  1183 | D:2      | Reached skill level 1 in Ranged Weapons
  1183 | D:2      | Reached skill level 1 in Throwing
  1183 | D:2      | Reached skill level 1 in Armour
  1183 | D:2      | Reached skill level 1 in Dodging
  1183 | D:2      | Reached skill level 1 in Shields
  1183 | D:2      | Reached skill level 1 in Spellcasting
  1183 | D:2      | Reached skill level 1 in Evocations
  1183 | D:2      | Reached XP level 4. HP: 15/34 MP: 5/5
  1644 | D:3      | Reached skill level 1 in Conjurations
  1644 | D:3      | Reached skill level 1 in Hexes
  1644 | D:3      | Reached skill level 1 in Summonings
  1644 | D:3      | Reached skill level 1 in Necromancy
  1644 | D:3      | Reached skill level 1 in Translocations
  1644 | D:3      | Reached skill level 1 in Transmutations
  1644 | D:3      | Reached skill level 1 in Fire Magic
  1644 | D:3      | Reached skill level 1 in Ice Magic
  1644 | D:3      | Reached skill level 1 in Air Magic
  1644 | D:3      | Reached skill level 1 in Earth Magic
  1644 | D:3      | Reached skill level 1 in Poison Magic
  1662 | D:3      | Noticed Pargi
  2033 | D:3      | HP: 1/34 [Pargi (2)]
  2035 | D:3      | Slain by Pargi

Illustrated notes

Levels and vault maps discovered:
D:1:      erik_arrival_blinker_ship, layout_basic
D:2:      layout_loops_ring, basic_ecumenical_altar, uniq_terence
D:3:      layout_rooms, uniq_pargi

Skill      XL: |  1  2  3  4 |
---------------+-------------+-----
Stealth        | |  9.6
Invocations    | 1 |  1.4
Short Blades   | 1 |  1.3
Long Blades    | 1 |  1.3
Axes           | 1 |  1.3
Maces & Flails | 1 |  1.3
Staves         | 1 |  1.3
Ranged Weapons | 1 |  1.3
Throwing       | 1 |  1.3
Armour         | 1 |  1.3
Dodging        | 1 |  1.3
Shields        | 1 |  1.3
Spellcasting   | 1 |  1.3
Evocations     | 1 |  1.3
Conjurations   | 1 |  1.0
Hexes          | 1 |  1.0
Summonings     | 1 |  1.0
Necromancy     | 1 |  1.0
Translocations | 1 |  1.0
Transmutations | 1 |  1.0
Fire Magic     | 1 |  1.0
Ice Magic      | 1 |  1.0
Air Magic      | 1 |  1.0
Earth Magic    | 1 |  1.0
Poison Magic   | 1 |  1.0
Fighting       | |  2.8
Polearms       | |  6.6
Unarmed Combat | |  2.8

Action                     |  1- 3 |  4- 6 || total
---------------------------+-------+-------++-------
  Melee: Spear             |    58 |    59 ||   117
         Bite              |     5 |     6 ||    11
  Throw: Boomerang         |       |     4 ||     4
    Use: Scroll            |       |     1 ||     1
   Stab: Sleeping          |    12 |    10 ||    22
 Armour: Leather armour    |     8 |    21 ||    29
  Dodge: Dodged            |    10 |    24 ||    34
  Block: Buckler           |       |     4 ||     4
